 Dungeon Crawl Stone Soup version 0.25-a0-589-g1e14c549ee (webtiles) character file.

Game seed: 15903465179946988782, levelgen mode: deterministic

508 Esekla the Sneak (level 6, 0/29 HPs)
             Began as a Spriggan Artificer on Mar 12, 2020.
             Killed by divine providence
             ... invoked by an orc priest
              (16 damage)
             ... on level 4 of the Dungeon.
             The game lasted 00:17:42 (3094 turns).

Esekla the Sneak (Spriggan Artificer)               Turns: 3094, Time: 00:17:43

Health: 0/29       AC:  2    Str:  8    XL:     6   Next: 98%
Magic:  10/10      EV: 20    Int: 15    God:
Gold:   202        SH:  0    Dex: 18    Spells: 5/5 levels left

rFire    . . .     SeeInvis +   i - +1 dagger (speed)
rCold    . . .     Gourm    .   (shield restricted)
rNeg     . . .     Faith    .   b - +0 robe
rPois    .         Spirit   .   (helmet restricted)
rElec    .         Reflect  .   w - scarf {repulsion}
rCorr    .         Harm     .   (gloves unavailable)
MR       +....                  (boots unavailable)
Stlth    +++.......             (no amulet)
HPRegen  0.09/turn              h - +2 ring of dexterity
MPRegen  0.12/turn              (no ring)

@: repel missiles, very quick
A: very small, unfitting armour, see invisible, herbivore, speed 3, slow
metabolism 2
a: no special abilities


You were on level 4 of the Dungeon.
You were not hungry.

You visited 1 branch of the dungeon, and saw 4 of its levels.

You collected 202 gold pieces.

Inventory:

Hand Weapons
 i - a +1 dagger of speed (weapon)
Missiles
 j - 18 poisoned darts (quivered)
Armour
 a - a +0 leather armour
 b - a +0 robe (worn)
 k - a +0 leather armour
 l - a +0 leather armour
 w - a scarf of repulsion (worn)
Jewellery
 h - a +2 ring of dexterity (left hand)
 z - an uncursed ring of ice
Wands
 c - a wand of flame (15)
 e - a wand of random effects (6)
 A - a wand of acid (3)
Scrolls
 n - 2 scrolls of immolation {unknown}
 t - a scroll of remove curse {unknown}
 u - 2 scrolls of magic mapping {unknown}
 v - a scroll of teleportation {unknown}
 x - 3 scrolls of fear {unknown}
 y - a scroll of amnesia {unknown}
Potions
 d - a potion of might {unknown}
 g - 2 potions of curing
 m - a potion of brilliance {unknown}
 o - a potion of cancellation {unknown}
 p - 4 potions of heal wounds
 q - a potion of stabbing {unknown}
 r - a potion of degeneration {unknown}
 s - a potion of magic
Comestibles
 f - 5 rations


   Skills:
 - Level 0.7 Fighting
 * Level 5.1 Short Blades
 + Level 3.3 Throwing
 + Level 4.7 Dodging
 + Level 5.4 Stealth
 - Level 4.0 Evocations


You had 5 spell levels left.
You didn't know any spells.
Your spell library contained the following spells:

 Spells                   Type           Power        Failure   Level  Hunger
 Beastly Appendage        Tmut           #.....       26%         1    ##.....
 Sticks to Snakes         Tmut           #.......     38%         2    ###....
 Spider Form              Tmut/Pois      #.........   63%         3    ####...
 Ice Form                 Ice/Tmut       #.......     95%         4    #####..
 Blade Hands              Tmut           #.........   100%        5    ######.


Dungeon Overview and Level Annotations

Branches:
Dungeon (4/15)
 Temple: D:4-7

Altars:

Annotations:
D:4 Grinder


Innate Abilities, Weirdness & Mutations

You are very small and have problems with some larger weapons.
You are too small for most types of armour.
You have supernaturally acute eyesight. (SInv)
You are a herbivore.
You cover ground extremely quickly.
You need to consume almost no food.


Message History

Throwing (i - inventory)
j - 20 poisoned darts (quivered)
Press: ? - help, Shift-Dir - straight line, f - orc warrior
Aim: an orc warrior, wielding a -3 dire flail and wearing a +0 plate armour You throw a poisoned dart.
The poisoned dart barely misses the orc warrior.
Throwing (i - inventory)
j - 19 poisoned darts (quivered)
Press: ? - help, Shift-Dir - straight line, f - orc priest, p - orc warrior
Aim: an orc priest, wielding a +0 hand axe (heavily wounded)
You throw a poisoned dart.
The poisoned dart closely misses the orc warrior.
The poisoned dart closely misses the orc priest.
You see here 15 gold pieces.
You now have 202 gold pieces (gained 15).
The orc priest mumbles some strange prayers to Beogh against you.
Beogh smites you!
You hear a shout!
The orc priest invokes the aid of Beogh against you.
Beogh smites you!
Ouch! That really hurt!
You die...

#>.....o....
#.####.#.Z.. #.#
#(#.... #.#
#.#....
#.####.#....
#..o(..#....
#.(#########
########o........
#.@.o.....#######
#.######### #. ##


You could see an orc warrior and an orc priest.

Vanquished Creatures
  Edmund (D:4)
  Menkaure (D:4)
  A water moccasin (D:2)
  A hound (D:4)
  An orc priest (D:3)
  Jessica (D:2)
  An adder (D:3)
  3 worms (D:2)
  A dart slug (D:1)
  3 orcs (D:3)
  2 giant cockroaches
  9 goblins
  6 hobgoblins
  3 jackals (D:3)
  A ball python (D:3)
  7 bats
  A frilled lizard (D:3)
  4 kobolds
  13 rats
60 creatures vanquished.

Notes
Turn   | Place    | Note
-------+----------+-------------------------------------------
     0 | D:1      | Esekla the Spriggan Artificer began the quest for the Orb.
     0 | D:1      | Reached XP level 1. HP: 9/9 MP: 4/4
   261 | D:1      | Reached XP level 2. HP: 13/14 MP: 6/6
  1232 | D:2      | Reached XP level 3. HP: 17/17 MP: 7/7
  1334 | D:2      | Noticed Jessica
  1494 | D:2      | Killed Jessica
  1593 | D:1      | Reached XP level 4. HP: 21/21 MP: 8/8
  1885 | D:3      | Noticed a water moccasin
  1988 | D:3      | Reached skill level 1 in Throwing
  2030 | D:2      | Killed a water moccasin
  2030 | D:2      | Reached XP level 5. HP: 16/25 MP: 9/9
  2676 | D:4      | Noticed Grinder
  2698 | D:4      | Noticed Edmund
  2768 | D:4      | Killed Edmund
  2768 | D:4      | Reached skill level 5 in Stealth
  2768 | D:4      | Reached XP level 6. HP: 8/29 MP: 10/10
  3047 | D:4      | Noticed an orc warrior
  3081 | D:4      | Noticed Menkaure
  3083 | D:4      | Killed Menkaure
  3083 | D:4      | Reached skill level 5 in Short Blades
  3094 | D:4      | Killed from afar by an orc priest

Levels and vault maps discovered:
D:1:      minmay_arrival_jagged, layout_basic
D:2:      layout_basic, uniq_jessica
D:3:      layout_rooms
D:4:      layout_basic, minmay_temple_entry_trees, uniq_duvessa, uniq_grinder,
          uniq_menkaure, uniq_edmund

Skill      XL: |  1  2  3  4  5  6 |
---------------+-------------------+-----
Short Blades   | 2 3 4 5 |  5.1
Stealth        | 2 3 4 5 |  5.4
Dodging        | 4 |  4.7
Throwing       | 2 3 |  3.3
Fighting       | |  0.7
Evocations     | |  4.0

Action                   |  1- 3 |  4- 6 || total
-------------------------+-------+-------++-------
Melee: Dagger            |    98 |    96 ||   194
       Short sword       |     5 |       ||     5
Throw: Boomerang         |    20 |    24 ||    44
       Dart              |       |    20 ||    20
Evoke: Wand              |       |     9 ||     9
  Use: Scroll            |       |     3 ||     3
 Stab: Sleeping          |    15 |     2 ||    17
Armor: Robe              |     5 |     4 ||     9
Dodge: Dodged            |    45 |    60 ||   105

Table legend:
 A = Non-vault XP
 B = Vault XP
 C = Vault XP percentage of total XP
 D = Non-vault monster count
 E = Vault monster count
 F = Vault count percentage of total count
                 A         B        C        D         E       F
            +---------+---------+-------+---------+---------+-------
      Total |     341 |     385 |  53.0 |      57 |       3 |   5.0
            +---------+---------+-------+---------+---------+-------
        D:1 |      26 |       0 |   0.0 |      18 |       0 |   0.0
        D:2 |     183 |      37 |  16.8 |      19 |       1 |   5.0
        D:3 |      87 |       0 |   0.0 |      19 |       0 |   0.0
        D:4 |      45 |     348 |  88.5 |       1 |       2 |  66.7
            +---------+---------+-------+---------+---------+-------
